 Dungeon Crawl Stone Soup version 0.31.0-12-g77e489cdc1 (webtiles) character file.

Game seed: 9929670463039885285

161 Silvore the Trooper (level 5, -7/42 HPs)
             Began as a Demonspawn Fighter on Feb 12, 2024.
             Incinerated by a bombardier beetle (9 damage)
             ... with a burning spray
             ... on level 3 of the Dungeon.
             The game lasted 00:03:14 (2478 turns).

Silvore the Trooper (Demonspawn Fighter)            Turns: 2478, Time: 00:03:14

Health: -7/42      AC: 15    Str: 19    XL:     5   Next: 19%
Magic:  5/5        EV:  5    Int:  8    God:
Gold:   133        SH:  0    Dex: 12    Spells: 4/4 levels left

rFire   x . .        a - +0 long sword
rCold   + . .        c - +0 buckler
rNeg    . . .        q - +0 plate armour
rPois   .            i - +0 helmet
rElec   .            (no cloak)
rCorr   .            (no gloves)
SInv    +            l - +2 pair of boots
Will    .....        u - amulet of reflection Stlth
                     k - ring of see invisible
HPRegen 0.27/turn    m - ring of ice
MPRegen 0.09/turn

%: reflection
@: confused, on fire, ambrosia-drunk, glowing
A: hooves 1, foul stench 1, weakness stinger 1
a: no special abilities


You were on level 3 of the Dungeon.
You visited 1 branch of the dungeon, and saw 3 of its levels.

You collected 133 gold pieces.

Inventory:

Hand Weapons
 a - a +0 long sword (weapon)
 v - the +1 short sword of the Feeding Gods {flame, rPois rC+ Int-3 Dex+6}
   (You found it on level 3 of the Dungeon)

   Int-3:     It affects your intelligence (-3).
   Dex+6:     It affects your dexterity (+6).
   rC+:       It protects you from cold.
   rPois:     It protects you from poison
Missiles
 f - 4 throwing nets (quivered)
Armour
 b - a +0 scale mail
 c - a +0 buckler (worn)
 i - a +0 helmet (worn)
 l - a +2 pair of boots (worn)
 q - a +0 plate armour (worn)
Jewellery
 j - an amulet of the acrobat
 k - a ring of see invisible (left hand)
 m - a ring of ice (right hand)
 u - an amulet of reflection (around neck)
Wands
 r - a wand of paralysis (12)
Scrolls
 e - a scroll of identify
 s - a scroll of fog {unknown}
Potions
 d - a potion of might
 g - 2 potions of curing
 n - 3 potions of cancellation
 o - a potion of mutation
 p - a potion of haste
 t - a potion of degeneration {unknown}


   Skills:
 + Level 3.7 Fighting
 + Level 3.3 Long Blades
 + Level 3.3 Armour
 + Level 0.3 Dodging
 + Level 3.3 Shields


You had 4 spell levels left.
You didn't know any spells.
Your spell library contained the following spells:

 Spells                   Type           Power      Damage    Failure   Level
 Cigotuvi's Dreadful Rot  Necr/Alch/Air  0%         N/A       100%        2
 Ignite Poison            Fire/Alch      0%         N/A       100%        4
 Freezing Cloud           Conj/Ice/Air   0%         6-21      100%        5


Dungeon Overview and Level Annotations

Branches:
Dungeon (3/15)

Altars:
Kikubaaqudgha

Shops:
D:3 !


Innate Abilities, Weirdness & Mutations

You have large cloven feet.
You may rarely emit foul miasma when damaged in melee.
You have a small tail.


Message History

You see here a bat corpse.
A bombardier beetle comes into view.
A bombardier beetle is nearby!
Found a brown potion.
The bombardier beetle sprays incendiary fluid at you.
The burning spray hits you.
You are covered in liquid fire!
Found 14 gold pieces and a pair of boots.
You shake off some of the fire as you move.
The liquid fire burns you!
The bombardier beetle bites you but does no damage.
You hit the bombardier beetle.
The bombardier beetle is moderately wounded.
The liquid fire burns you!
You hit the bombardier beetle.
The bombardier beetle is heavily wounded.
The liquid fire burns you!
You block the bombardier beetle's attack.
You hit the bombardier beetle.
The bombardier beetle is heavily wounded.
The liquid fire burns you!
The bombardier beetle sprays incendiary fluid at you.
The burning spray hits you.
You are even more covered in liquid fire!
You hit the bombardier beetle but do no damage.
The bombardier beetle is heavily wounded.
The liquid fire burns you!
* * * LOW HITPOINT WARNING * * *
You block the bombardier beetle's attack.
You slash the bombardier beetle!
You kill the bombardier beetle!
The liquid fire burns you!
* * * LOW HITPOINT WARNING * * *
You have reached level 5!
Your demonic ancestry asserts itself...
You grow a small tail.
You are confused.
You feel invigorated. The liquid fire burns you!
You die...

#...... ##########
###.###
.........###### #.#
#...........? #.#
#...###.. # #.# #
#.#.#!#$#.# #.#
####.###...#.#...#
#.# ###.......###...#
#.# .......#.# #.#@#
####.......##.#.#!#
........###..#.#.#..
######..#†..#.#
#.#..[ #..###†.#.#
#..### ###.....##.#.#
##. ##.....#.# #.#.#
#
##........###...###.
##.###<.###...#.#...#


There were no monsters in sight!

Vanquished Creatures
  2 bombardier beetles (D:3)
  4 adders
  A dart slug (D:2)
  A ribbon worm (D:2)
  7 ball pythons
  3 endoplasms
  4 giant cockroaches
  4 goblins
  7 hobgoblins
  4 quokkas
  6 bats
  4 frilled lizards
  2 kobolds (D:1)
  3 rats
52 creatures vanquished.

Notes
Turn   | Place    | Note
-------+----------+-------------------------------------------
     0 | D:1      | Silvore the Demonspawn Fighter began the quest for the Orb.
     0 | D:1      | Reached XP level 1. HP: 18/18 MP: 1/1
   148 | D:1      | Gained mutation: You may rarely emit foul miasma when
                  | damaged in melee. [demonic ancestry]
   148 | D:1      | Reached XP level 2. HP: 24/24 MP: 2/2
   671 | D:1      | Found a faded altar of an unknown god.
   884 | D:2      | Discovered your monstrous ancestry.
   884 | D:2      | Gained mutation: You have large cloven feet. [demonic
                  | ancestry]
   884 | D:2      | Reached XP level 3. HP: 27/29 MP: 3/3
  1957 | D:2      | Reached XP level 4. HP: 18/36 MP: 4/4
  2081 | D:3      | Found Husk's Distillery.
  2254 | D:3      | Found an ancient bone altar of Kikubaaqudgha.
  2304 | D:3      | Identified the +1 short sword of the Feeding Gods {flame,
                  | rPois rC+ Int-3 Dex+6}
  2477 | D:3      | HP: 1/37 [burnt (9)]
  2478 | D:3      | Gained mutation: You have a small tail. [demonic ancestry]
  2478 | D:3      | Reached XP level 5. HP: 2/42 MP: 5/5
  2478 | D:3      | Incinerated by a bombardier beetle

Illustrated notes

Levels and vault maps discovered:
D:1:      dpeg_arrival_more_subterranean_lakeside_camping, layout_loops_ring,
          shapermc_ecumenical_altar_mp_highgroup, hangedman_abyss_or_decor_stabs
D:2:      layout_basic, st_stairs_7, minmay_goblin_outpost
D:3:      layout_loops_ring, tgw_kikubaaqudgha, serial_shops, shop,
          minmay_starry_boxes

Skill      XL: |  1  2  3  4 |
---------------+-------------+-----
Long Blades    | 2 3 |  3.3
Armour         | 3 |  3.3
Shields        | 3 |  3.3
Fighting       | |  3.7
Dodging        | |  0.3

Action                     |  1- 3 |  4- 6 || total
---------------------------+-------+-------++-------
  Melee: Long sword        |   104 |    54 ||   158
    Use: Scroll            |     7 |     2 ||     9
         Potion            |       |     1 ||     1
 Armour: Scale mail        |    72 |       ||    72
         Plate armour      |     7 |    34 ||    41
  Dodge: Dodged            |    50 |     8 ||    58
  Block: Buckler           |    20 |    25 ||    45
